[ AOE2 MATCH · #479217037 ]
1v1 RMSpanish vs Ethiopians
Player's team · LOSS
[ REPLAY ANALYSIS · EXTRACTED FROM THE RECORDED GAME ]
Feudal
11:35
Castle
15:05
Imperial
—
| APM avg | 35.1 |
| APM peak | 88 |
| eAPM avg | 17.4 |
| Villagers / military | 125 / 73 |
Focus
⚔️ 13.9% · 🌾 86.1%
Knight ×53 · Conquistador ×16 · Spearman ×2 · Monk ×2
Feudal
12:37
Castle
17:37
Imperial
35:02
| APM avg | 14.4 |
| APM peak | 31 |
| eAPM avg | 12.0 |
| Villagers / military | 46 / 90 |
Focus
⚔️ 52.1% · 🌾 47.9%
Shotel Warrior ×77 · Battering Ram ×13
Match map
Resources at game start + every placement click. Thick line = wall · dashed box = detected house wall. 🟡 gold · ⚪ stone · 🟢 berries · 🔶 boar · ⭕ relic
Inputs per minute
— smack - - barbonka
Build order — smack
First 150 of 231 actions detected
| 0:00 | Create | Villager (Male) ×4 |
| 0:02 | Build | House |
| 0:03 | Build | House |
| 1:26 | Create | Villager (Male) |
| 1:45 | Build | Lumber Camp |
| 1:52 | Create | Villager (Male) |
| 2:26 | Create | Villager (Male) |
| 2:49 | Create | Villager (Male) |
| 3:03 | Create | Villager (Male) |
| 3:55 | Create | Villager (Male) |
| 4:05 | Build | House |
| 4:06 | Build | House |
| 4:18 | Create | Villager (Male) |
| 4:26 | Build | Mill |
| 4:50 | Create | Villager (Male) |
| 5:13 | Create | Villager (Male) |
| 5:20 | Create | Villager (Male) |
| 5:20 | Create | Villager (Male) |
| 5:59 | Create | Villager (Male) |
| 6:26 | Create | Villager (Male) |
| 6:41 | Create | Villager (Male) |
| 6:41 | Create | Villager (Male) |
| 6:59 | Build | Lumber Camp |
| 7:23 | Build | House |
| 7:30 | Create | Villager (Male) |
| 8:13 | Create | Villager (Male) |
| 8:39 | Build | Mining Camp |
| 8:43 | Create | Villager (Male) |
| 9:13 | Research | Loom |
| 9:16 | Research | Feudal Age |
| 9:32 | Build | Mining Camp |
| 9:45 | Build | Mill |
| 10:11 | Build | Farm |
| 10:42 | Create | Villager (Male) |
| 10:42 | Create | Villager (Male) |
| 11:35 | Age | Feudal Age |
| 11:37 | Build | Market |
| 11:45 | Build | Blacksmith |
| 12:24 | Research | Castle Age |
| 12:40 | Build | Barracks |
| 13:00 | Research | Horse Collar |
| 13:30 | Research | Double-Bit Axe |
| 13:39 | Build | House |
| 13:41 | Build | House |
| 14:01 | Create | Villager (Male) |
| 14:09 | Build | Farm |
| 14:10 | Create | Spearman |
| 14:16 | Build | House |
| 14:22 | Build | Farm |
| 14:23 | Build | Farm |
| 14:23 | Build | Farm |
| 14:23 | Build | Farm |
| 14:27 | Build | Farm |
| 14:27 | Build | Farm |
| 14:28 | Build | Farm |
| 14:56 | Create | Villager (Male) |
| 15:00 | Create | Spearman |
| 15:05 | Age | Castle Age |
| 15:10 | Create | Villager (Male) |
| 15:21 | Build | Monastery |
| 15:24 | Build | Farm |
| 15:25 | Build | Farm |
| 15:27 | Build | Farm |
| 15:32 | Create | Villager (Male) |
| 15:47 | Build | Farm |
| 15:48 | Build | Farm |
| 15:50 | Create | Villager (Male) |
| 16:03 | Create | Monk |
| 16:08 | Create | Monk |
| 16:19 | Build | Farm |
| 16:24 | Build | Farm |
| 16:25 | Create | Villager (Male) |
| 16:28 | Create | Villager (Male) |
| 16:45 | Create | Villager (Male) |
| 17:11 | Create | Villager (Male) |
| 17:18 | Research | Gold Mining |
| 17:24 | Build | House |
| 17:25 | Build | House |
| 17:27 | Build | House |
| 17:32 | Create | Villager (Male) |
| 17:51 | Build | Town Center |
| 17:52 | Create | Villager (Male) |
| 18:13 | Create | Villager (Male) |
| 18:19 | Research | Stone Mining |
| 18:26 | Create | Villager (Male) |
| 19:04 | Build | House |
| 19:16 | Create | Villager (Male) |
| 19:32 | Create | Villager (Male) |
| 19:35 | Build | Town Center |
| 19:37 | Create | Villager (Male) |
| 19:41 | Create | Villager (Male) |
| 19:43 | Create | Villager (Male) |
| 20:17 | Build | Stable |
| 20:27 | Create | Villager (Male) |
| 20:29 | Build | Farm |
| 20:31 | Create | Villager (Male) ×4 |
| 20:40 | Research | Town Watch |
| 20:49 | Create | Villager (Male) ×2 |
| 21:14 | Create | Villager (Male) |
| 21:24 | Build | Farm |
| 21:26 | Create | Villager (Male) |
| 21:31 | Build | Farm |
| 21:34 | Build | Farm |
| 21:46 | Build | House |
| 21:48 | Build | House |
| 21:54 | Create | Villager (Male) |
| 22:05 | Create | Villager (Male) ×3 |
| 22:11 | Build | Farm |
| 22:13 | Create | Villager (Male) |
| 22:17 | Build | Farm |
| 22:24 | Build | Farm |
| 22:27 | Build | Farm |
| 22:31 | Build | Farm |
| 22:36 | Build | Farm |
| 22:39 | Build | House |
| 22:51 | Build | Castle |
| 23:15 | Create | Villager (Male) |
| 23:15 | Create | Villager (Male) |
| 23:23 | Build | Farm |
| 23:23 | Build | Farm |
| 23:23 | Build | Farm |
| 23:28 | Build | Farm |
| 23:30 | Create | Villager (Male) |
| 23:34 | Build | Farm |
| 23:36 | Create | Villager (Male) ×5 |
| 23:50 | Research | Bloodlines |
| 23:58 | Build | Farm |
| 24:05 | Build | Lumber Camp |
| 24:10 | Build | Lumber Camp |
| 24:14 | Create | Villager (Male) ×5 |
| 24:29 | Build | House |
| 24:32 | Build | House |
| 24:32 | Build | House |
| 24:34 | Build | House |
| 24:40 | Create | Villager (Male) ×4 |
| 25:02 | Build | Mining Camp |
| 25:04 | Create | Conquistador |
| 25:07 | Create | Villager (Male) ×3 |
| 25:17 | Build | Farm |
| 25:18 | Build | Farm |
| 25:24 | Build | Farm |
| 25:24 | Build | Farm |
| 25:25 | Build | Farm |
| 25:25 | Build | Farm |
| 25:42 | Build | Lumber Camp |
| 25:43 | Research | Bow Saw |
| 25:47 | Create | Villager (Male) ×3 |
| 25:49 | Create | Conquistador |
| 26:00 | Build | University |
| 26:14 | Create | Conquistador |
Build order — barbonka
First 150 of 194 actions detected
| 0:02 | Research | Loom |
| 0:02 | Create | Villager (Male) ×4 |
| 0:09 | Build | House |
| 0:25 | Build | House |
| 1:51 | Create | Villager (Male) |
| 2:03 | Create | Villager (Male) |
| 2:33 | Create | Villager (Male) |
| 3:11 | Create | Villager (Male) |
| 3:11 | Create | Villager (Male) |
| 3:11 | Create | Villager (Male) |
| 3:25 | Build | House |
| 3:35 | Build | House |
| 3:45 | Create | Villager (Male) |
| 3:45 | Create | Villager (Male) |
| 3:58 | Create | Villager (Male) |
| 4:14 | Create | Villager (Male) |
| 4:31 | Create | Villager (Male) |
| 4:31 | Create | Villager (Male) |
| 5:07 | Create | Villager (Male) |
| 5:24 | Create | Villager (Male) |
| 5:24 | Create | Villager (Male) |
| 5:25 | Create | Villager (Male) |
| 5:25 | Create | Villager (Male) |
| 5:36 | Build | Lumber Camp |
| 6:03 | Create | Villager (Male) |
| 6:34 | Create | Villager (Male) |
| 6:34 | Create | Villager (Male) |
| 6:41 | Create | Villager (Male) |
| 7:12 | Create | Villager (Male) |
| 7:18 | Create | Villager (Male) |
| 7:43 | Build | Mill |
| 8:02 | Build | House |
| 8:43 | Create | Villager (Male) |
| 9:00 | Build | Mill |
| 9:35 | Build | Mining Camp |
| 10:05 | Build | Mining Camp |
| 10:16 | Research | Feudal Age |
| 11:30 | Build | House |
| 11:37 | Build | House |
| 12:10 | Create | Villager (Male) |
| 12:37 | Age | Feudal Age |
| 12:41 | Create | Villager (Male) |
| 12:44 | Research | Double-Bit Axe |
| 12:51 | Research | Horse Collar |
| 12:59 | Build | Market |
| 13:05 | Build | House |
| 13:21 | Build | Stone Wall |
| 13:25 | Build | Stone Wall |
| 13:27 | Build | Stone Wall |
| 13:32 | Build | Stone Wall |
| 13:38 | Create | Villager (Male) |
| 13:38 | Create | Villager (Male) |
| 13:56 | Build | Blacksmith |
| 14:00 | Create | Villager (Male) |
| 14:51 | Build | Farm |
| 14:57 | Research | Castle Age |
| 15:21 | Build | Building 490 |
| 15:33 | Build | Stone Wall |
| 15:39 | Build | Stone Wall |
| 15:43 | Build | Stone Wall |
| 16:06 | Create | Villager (Male) |
| 16:25 | Build | Mining Camp |
| 16:47 | Research | Town Watch |
| 17:17 | Create | Villager (Male) |
| 17:37 | Age | Castle Age |
| 17:39 | Build | Farm |
| 17:50 | Build | Castle |
| 18:02 | Create | Villager (Male) |
| 18:15 | Build | House |
| 18:16 | Build | House |
| 18:18 | Build | House |
| 18:20 | Build | House |
| 18:28 | Research | Wheelbarrow |
| 18:58 | Build | Siege Workshop |
| 19:06 | Build | Barracks |
| 19:17 | Build | Farm |
| 19:18 | Build | Farm |
| 19:18 | Build | Farm |
| 19:18 | Build | Farm |
| 19:18 | Build | Farm |
| 19:18 | Build | Farm |
| 19:33 | Create | Villager (Male) |
| 19:47 | Build | House |
| 20:07 | Build | Farm |
| 20:17 | Create | Villager (Male) |
| 20:37 | Build | Farm |
| 20:40 | Build | Farm |
| 20:53 | Build | House |
| 20:55 | Build | House |
| 20:55 | Build | House |
| 20:57 | Build | House |
| 21:03 | Create | Villager (Male) |
| 21:03 | Create | Villager (Male) |
| 21:03 | Create | Villager (Male) |
| 21:13 | Research | Scale Mail Armor |
| 21:25 | Research | Squires |
| 21:28 | Research | Forging |
| 21:37 | Create | Battering Ram |
| 21:49 | Build | Farm |
| 21:52 | Create | Villager (Male) |
| 22:05 | Build | House |
| 22:12 | Build | Farm |
| 22:28 | Research | Fletching |
| 22:43 | Research | Chain Mail Armor |
| 22:45 | Create | Villager (Male) |
| 22:55 | Build | Farm |
| 22:59 | Build | Farm |
| 23:17 | Create | Battering Ram |
| 23:22 | Research | Iron Casting |
| 23:33 | Create | Villager (Male) |
| 23:33 | Create | Villager (Male) |
| 23:47 | Create | Battering Ram |
| 23:50 | Create | Shotel Warrior |
| 23:50 | Create | Shotel Warrior |
| 23:50 | Create | Shotel Warrior |
| 24:14 | Research | Arson |
| 24:17 | Create | Shotel Warrior |
| 24:17 | Create | Shotel Warrior |
| 24:18 | Create | Shotel Warrior |
| 24:18 | Create | Shotel Warrior |
| 24:22 | Create | Battering Ram |
| 24:32 | Create | Shotel Warrior |
| 24:39 | Create | Shotel Warrior |
| 24:46 | Create | Shotel Warrior |
| 24:59 | Create | Shotel Warrior |
| 25:13 | Create | Shotel Warrior |
| 25:13 | Create | Shotel Warrior |
| 25:28 | Create | Shotel Warrior |
| 25:28 | Create | Shotel Warrior |
| 25:32 | Create | Shotel Warrior |
| 25:32 | Create | Shotel Warrior |
| 25:39 | Create | Battering Ram |
| 25:52 | Create | Shotel Warrior |
| 25:52 | Create | Shotel Warrior |
| 25:53 | Create | Shotel Warrior |
| 26:10 | Create | Shotel Warrior |
| 26:25 | Create | Shotel Warrior |
| 26:36 | Create | Shotel Warrior |
| 26:37 | Create | Shotel Warrior |
| 26:37 | Create | Shotel Warrior |
| 26:44 | Create | Shotel Warrior |
| 26:44 | Create | Shotel Warrior |
| 26:59 | Create | Shotel Warrior |
| 26:59 | Create | Shotel Warrior |
| 27:34 | Create | Battering Ram |
| 27:37 | Create | Shotel Warrior ×4 |
| 31:52 | Research | Imperial Age |
| 32:01 | Create | Shotel Warrior ×2 |
| 32:01 | Create | Shotel Warrior ×2 |
| 32:38 | Create | Battering Ram |
Match timeline
| 11:35 | smack · age_up feudal |
| 12:37 | barbonka · age_up feudal |
| 12:40 | smack · first_building Barracks |
| 13:21 | barbonka · wall_segment Stone Wall x2 |
| 13:25 | barbonka · wall_segment Stone Wall x6 |
| 13:27 | barbonka · wall_segment Stone Wall x2 |
| 13:32 | barbonka · wall_segment Stone Wall x7 |
| 14:22 | barbonka · first_market_buy 100 food |
| 14:26 | barbonka · first_market_sell 100 wood |
| 15:05 | smack · age_up castle |
| 15:21 | smack · first_building Monastery |
| 15:33 | barbonka · wall_segment Stone Wall x4 |
| 15:39 | barbonka · wall_segment Stone Wall x7 |
| 15:43 | barbonka · wall_segment Stone Wall x10 |
| 17:37 | barbonka · age_up castle |
| 17:50 | barbonka · first_building Castle |
| 18:58 | barbonka · first_building Siege Workshop |
| 19:06 | barbonka · first_building Barracks |
| 20:17 | smack · first_building Stable |
| 22:51 | smack · first_building Castle |
| 27:18 | smack · first_market_buy 100 stone |
| 35:02 | barbonka · age_up imperial |
| 41:53 | smack · resign |
[ AI ANALYSIS · 1 CREDIT ]
What really happened in this match?
Wolo.gg analyzes every decision: build order, eco, micro, common mistakes by bracket. Personalized analysis on WhatsApp or Discord in 30 seconds.
Civ guide
Spanish
Map guide
Arena
Perfil
Jugador #2897942